AoeStats
← NuclearRabbit19

Hideout

507082455Analyzed
1v1 RM · 16d ago on Sep 16, 2026· 68m 1s· 2 players
Game mode
Random Map
Map size
Tiny (2 player)
Population
200
Speed
Normal
Resources
Standard
Victory
Conquest
Starting age
Dark Age
Ending age
Imperial Age
RankedLock teamsTeams togetherTeam positionsShared explorationLock speedFull tech treeHidden civsTurbo modeCheats
Victory
Defeat
🇬🇧 Khitans · United Kingdom
1274
+14
🇺🇸 Britons · United States
1232
-14
Stevie Nicks
7:57 Loom
10:14 Feudal Age
16:00 Castle Age
14:19 Double-Bit Axe
15:00 Fletching
16:01 Padded Archer Armor
16:37 Crossbowman
17:41 Horse Collar
19:14 Wheelbarrow
21:18 Pikeman
24:06 Forging
24:03 Bodkin Arrow
25:48 Forging
27:50 Hand Cart
31:33 Leather Archer Armor
32:28 Ballistics
32:32 Town Watch
37:45 Imperial Age
37:39 Elite Skirmisher
39:54 Chemistry
41:05 Arbalester
41:47 Bracer
43:35 Gold Mining
43:36 Stone Mining
46:02 Masonry
48:43 Conscription
54:15 Ring Archer Armor
54:55 Scale Barding Armor
54:38 Light Cavalry
55:53 Halberdier
61:52 Husbandry
NuclearRabbit19
6:33 Loom
8:58 Feudal Age
11:32 Forging
12:44 Double-Bit Axe
14:14 Fletching
20:44 Castle Age
18:41 Domestication
20:01 Padded Archer Armor
20:49 Elite Skirmisher
21:28 Bodkin Arrow
21:48 Leather Archer Armor
22:24 Bow Saw
26:24 Ballistics
30:51 Town Watch
31:42 Wheelbarrow
36:01 Gold Mining
36:02 Stone Mining
43:07 Imperial Age
42:22 Thumb Ring
44:35 Conscription
48:52 Gold Mining
49:37 Stone Shaft Mining
52:07 Hand Cart
51:47 Light Cavalry
52:28 Husbandry
52:24 Hussar
53:33 Scale Barding Armor
55:12 Iron Casting
55:22 Chain Barding Armor
59:04 Bracer
59:35 Ring Archer Armor
62:33 Plate Barding Armor
63:09 Chemistry
Connection lost

Rejoining the realm…

Still unreachable

The connection could not be restored.

Session expired

The server has moved on; the page needs a fresh start.